[Event "ICC tourney 2533 (25 5)"]
[Site "Internet Chess Club"]
[Date "2021.04.24"]
[Round "4"]
[White "GOLDEN, RIPLEY:K09-15557812"]
[Black "LEDDY, GRADY:K09-16041431"]
[Result "0-1"]
[ICCResult "White resigns"]
[WhiteElo "1584"]
[BlackElo "1091"]
[Opening "Queen's pawn game"]
[ECO "D02"]
[NIC "QP.08"]
[Time "17:06:53"]
[PlyCount "90"]
[TimeControl "1500+5"]

1. d4 d5 2. Nf3 e6 3. Bf4 Nf6 4. e3 Nbd7 5. Ne5 Nxe5 6. Bxe5 Bd6 7. Bg3 O-O
8. Bd3 h6 9. Bh4 Be7 10. O-O Nd7 11. Bg3 Re8 12. c4 Bh4 13. Bxh4 Qxh4 14.
Nc3 Nf6 15. Qc2 Qg5 16. Qe2 dxc4 17. Bxc4 a6 18. Rac1 Bd7 19. b4 Bc6 20. e4
Qg6 21. f3 Nh5 22. Qd2 Rad8 23. d5 exd5 24. exd5 Bd7 25. Ne4 Bh3 26. Kh1
Bf5 27. Nc5 Bc8 28. Bb3 Nf6 29. Rfe1 Rxe1+ 30. Rxe1 Qf5 31. Rd1 b6 32. Na4
Bb7 33. Nc3 Kf8 34. a4 Ba8 35. Qa2 Qe5 36. Qd2 Bb7 37. Re1 Qf5 38. Bc2 Qh5
39. Qd3 Qh4 40. Qe2 Re8 41. Be4 Bxd5 42. g3 Qh5 43. Qxa6 Bxe4 44. Nxe4
Qxf3+ 45. Kg1 Nxe4 { White resigns } 0-1

[Event "ICC tourney 2533 (25 5)"]
[Site "Internet Chess Club"]
[Date "2021.04.24"]
[Round "4"]
[White "KE, RIANNE:K09-15179208"]
[Black "KROTOV, DAMIAN:K09-17105641"]
[Result "1-0"]
[ICCResult "Black checkmated"]
[WhiteElo "2020"]
[BlackElo "1819"]
[Opening "Caro-Kann: classical, Spassky variation"]
[ECO "B19"]
[NIC "CK.12"]
[Time "17:06:37"]
[PlyCount "147"]
[TimeControl "1500+5"]

1. e4 c6 2. d4 d5 3. Nc3 dxe4 4. Nxe4 Bf5 5. Ng3 Bg6 6. h4 h6 7. Nf3 Nd7 8.
h5 Bh7 9. Bd3 Bxd3 10. Qxd3 e6 11. Bf4 Qa5+ 12. Bd2 Bb4 13. c3 Be7 14. c4
Bb4 15. Ne4 Bxd2+ 16. Nfxd2 Ngf6 17. Nd6+ Ke7 18. Nxb7 Qb4 19. Qb3 a5 20.
Qxb4+ axb4 21. Nb3 Nb6 22. N7a5 Rhc8 23. c5 Nbd5 24. Nc4 Rc7 25. Ne5 Nd7
26. Nc4 N7f6 27. a4 Nf4 28. g3 N4xh5 29. a5 g6 30. a6 Nd5 31. Nb6 Raa7 32.
g4 Nhf6 33. Rxh6 Nd7 34. Nxd7 Kxd7 35. Nd2 Rc8 36. Nc4 Rca8 37. Ne5+ Kc7
38. Nxf7 Rxa6 39. Rxa6 Rxa6 40. Ne5 Ra1+ 41. Kd2 b3 42. Rxg6 Rb1 43. Nd3
Kd7 44. Rg7+ Ke8 45. Rb7 Rg1 46. Ne5 Rf1 47. Ke2 Rc1 48. Rxb3 Rc2+ 49. Kf3
Rd2 50. Rb8+ Ke7 51. Nxc6+ Kd7 52. Ne5+ Kc7 53. Re8 Rxd4 54. Rxe6 Rf4+ 55.
Kg3 Rb4 56. Rc6+ Kb7 57. Rd6 Rb3+ 58. Kh4 Nf4 59. c6+ Kc8 60. Kg5 Nh3+ 61.
Kf6 Nxf2 62. Ke7 Re3 63. Rd8+ Kc7 64. Rd7+ Kc8 65. Kf6 Ne4+ 66. Kf5 Nc5 67.
Rh7 Rb3 68. g5 Rxb2 69. Nc4 Rf2+ 70. Ke5 Nd3+ 71. Kd6 Kb8 72. Rb7+ Kc8 73.
Nb6+ Kd8 74. Rb8# { Black checkmated } 1-0

[Event "ICC tourney 2533 (25 5)"]
[Site "Internet Chess Club"]
[Date "2021.04.24"]
[Round "4"]
[White "KRICK, OWEN:K09-16875635"]
[Black "ROSE SAFRANEK, VEDA:K09-14975007"]
[Result "1/2-1/2"]
[ICCResult "Game drawn because neither player has mating material"]
[WhiteElo "1146"]
[BlackElo "1681"]
[Opening "Queen's pawn: London system"]
[ECO "A45"]
[NIC "QP.07"]
[Time "17:03:39"]
[PlyCount "164"]
[TimeControl "1500+5"]

1. d4 Nf6 2. Bf4 d5 3. e3 e6 4. Bd3 c5 5. c4 Nc6 6. Nf3 Bd6 7. Bxd6 Qxd6 8.
cxd5 exd5 9. O-O O-O 10. dxc5 Qxc5 11. Nc3 Bg4 12. Be2 Rad8 13. Qb3 Ne4 14.
Rac1 Qd6 15. Rfd1 Na5 16. Qxd5 Nxc3 17. Qxd6 Nxe2+ 18. Kf1 Rxd6 19. Kxe2
Rxd1 20. Rxd1 Nc4 21. b3 Ne5 22. h3 Nxf3 23. hxg4 Ne5 24. f3 f5 25. Rd5 Ng6
26. gxf5 Ne7 27. Rd7 Nxf5 28. Rxb7 Rf7 29. Rb8+ Rf8 30. Rb7 Ra8 31. e4 Nd6
32. Rd7 Nb5 33. Kd3 a5 34. e5 Ra7 35. e6 Kf8 36. a4 Nc7 37. f4 g6 38. Kc4
h5 39. g3 Rb7 40. Rf7+ Ke8 41. Rd7 Rb4+ 42. Kc3 Nxe6 43. Ra7 Re4 44. Rxa5
Re3+ 45. Kc4 Rxg3 46. Ra8+ Kf7 47. a5 Rg4 48. a6 Rxf4+ 49. Kc3 Rf1 50. Kb2
Rf2+ 51. Ka3 Kf6 52. a7 Nc7 53. Rf8+ Kg5 54. Rxf2 Nb5+ 55. Kb2 Nxa7 56. Kc2
Kh4 57. Kd2 Kg3 58. Rf1 g5 59. Rg1+ Kf4 60. Ke2 h4 61. Rf1+ Ke4 62. Rg1 Kf5
63. Kf3 Nc6 64. Kf2 g4 65. Rh1 Kg5 66. Kg2 Nb4 67. Rh2 Nd3 68. Rh1 Kf4 69.
Rxh4 Ne1+ 70. Kf2 Nd3+ 71. Kg2 Kg5 72. Rxg4+ Kxg4 73. Kf1 Kf4 74. Ke2 Ke4
75. Kd2 Kd4 76. Kc2 Nb4+ 77. Kb2 Kc5 78. Kc3 Nd5+ 79. Kb2 Kb4 80. Kc2 Ne3+
81. Kb2 Nc4+ 82. bxc4 Kxc4 { Game drawn because neither player has mating
material } 1/2-1/2

[Event "ICC tourney 2533 (25 5)"]
[Site "Internet Chess Club"]
[Date "2021.04.25"]
[Round "5"]
[White "SRIADITYA KUNAPULI, SIDDARTH:K09-16368693"]
[Black "T FEDDERSEN, NICHOLAS:K09-17108237"]
[Result "1-0"]
[ICCResult "Black resigns"]
[WhiteElo "1533"]
[BlackElo "682"]
[Opening "Caro-Kann: Panov-Botvinnik attack"]
[ECO "B13"]
[NIC "CK.03"]
[Time "11:02:46"]
[PlyCount "24"]
[TimeControl "1500+5"]

1. e4 c6 2. d4 d5 3. exd5 cxd5 4. c4 Nf6 5. Nc3 Nc6 6. Nf3 Bg4 7. Be3 e6 8.
h3 Bxf3 9. Qxf3 Be7 10. cxd5 Nxd5 11. Nxd5 Qxd5 12. Qxd5 e5 { Black resigns
} 1-0

[Event "ICC tourney 2533 (25 5)"]
[Site "Internet Chess Club"]
[Date "2021.04.25"]
[Round "5"]
[White "LEYTE VIDAL, BRANDON:K09-17196870"]
[Black "VALLI PILLA, ANANYA:K09-14998655"]
[Result "1-0"]
[ICCResult "Black checkmated"]
[WhiteElo "430"]
[BlackElo "1101"]
[Opening "Queen's pawn: Chigorin variation"]
[ECO "D00"]
[NIC "QP.08"]
[Time "11:00:15"]
[PlyCount "41"]
[TimeControl "1500+5"]

1. d4 d5 2. Nc3 Nf6 3. Nf3 Nc6 4. Bf4 Bf5 5. e3 e6 6. Bb5 Qd7 7. Ne5 Qc8 8.
Nxc6 bxc6 9. Bxc6+ Kd8 10. Bxa8 Qxa8 11. Qf3 Bd6 12. Bxd6 cxd6 13. Qg3 Rg8
14. Qxd6+ Nd7 15. O-O g5 16. Rfe1 h5 17. e4 Bg6 18. exd5 exd5 19. Re7 Bf5
20. Nxd5 Be6 21. Qc7# { Black checkmated } 1-0

[Event "ICC tourney 2533 (25 5)"]
[Site "Internet Chess Club"]
[Date "2021.04.25"]
[Round "5"]
[White "HAN, MATTHEW:K09-16312223"]
[Black "AMERINENI, SUNKRITH:K09-17355682"]
[Result "1-0"]
[ICCResult "Black checkmated"]
[WhiteElo "1320"]
[BlackElo "629"]
[Opening "Sicilian: Taimanov variation"]
[ECO "B46"]
[NIC "SI.43"]
[Time "11:00:57"]
[PlyCount "61"]
[TimeControl "1500+5"]

1. e4 c5 2. Nf3 e6 3. Nc3 Nc6 4. d4 cxd4 5. Nxd4 a6 6. Be3 Nf6 7. f3 Qc7 8.
Qd2 Be7 9. O-O-O O-O 10. g4 Nxd4 11. Bxd4 d6 12. h4 e5 13. Be3 Be6 14. g5
Nd7 15. h5 Rac8 16. h6 g6 17. f4 Rfd8 18. Bh3 Bxh3 19. Rxh3 exf4 20. Bxf4
Ne5 21. Nd5 Qd7 22. Bxe5 dxe5 23. Nf6+ Bxf6 24. Qxd7 Rxd7 25. Rxd7 Bxg5+
26. Kb1 Rd8 27. Rxd8+ Bxd8 28. Rd3 Bc7 29. Rd7 Ba5 30. Rxb7 Bd2 31. Rb8# {
Black checkmated } 1-0

[Event "ICC tourney 2533 (25 5)"]
[Site "Internet Chess Club"]
[Date "2021.04.25"]
[Round "5"]
[White "CHAVA, TARUN:K09-15546970"]
[Black "MA, TRISTAN:K09-15699071"]
[Result "0-1"]
[ICCResult "White checkmated"]
[WhiteElo "904"]
[BlackElo "1367"]
[Opening "Two knights defense"]
[ECO "C59"]
[NIC "KP.01"]
[Time "11:01:06"]
[PlyCount "28"]
[TimeControl "1500+5"]

1. e4 e5 2. Bc4 Nc6 3. Nf3 Nf6 4. Ng5 d5 5. exd5 Na5 6. Bb5+ c6 7. dxc6
bxc6 8. Be2 h6 9. Nf3 e4 10. Ne5 Bc5 11. O-O Qc7 12. Nc4 Nxc4 13. Bxc4 Ng4
14. d4 Qxh2# { White checkmated } 0-1

[Event "ICC tourney 2533 (25 5)"]
[Site "Internet Chess Club"]
[Date "2021.04.25"]
[Round "5"]
[White "SRI VELVADAPU, RENESH:K09-16880588"]
[Black "ROLLEN GOINS, DEVIN:K09-17182980"]
[Result "1-0"]
[ICCResult "Black resigns"]
[WhiteElo "960"]
[BlackElo "477"]
[Opening "Three knights game"]
[ECO "C46"]
[NIC "KP.06"]
[Time "11:00:50"]
[PlyCount "45"]
[TimeControl "1500+5"]

1. e4 e5 2. Nf3 Nc6 3. Nc3 Bc5 4. Bb5 a6 5. Bxc6 bxc6 6. Nxe5 Nh6 7. Qf3
O-O 8. d3 Qh4 9. O-O d6 10. Bxh6 dxe5 11. Be3 Bxe3 12. Qxe3 Re8 13. Ne2 Re6
14. g3 Qh3 15. f4 Rh6 16. Rf2 exf4 17. Nxf4 Bg4 18. Nxh3 Rxh3 19. Qf4 h6
20. Qxf7+ Kh7 21. Raf1 Bh5 22. Qf5+ g6 23. Qxh3 { Black resigns } 1-0

[Event "ICC tourney 2533 (25 5)"]
[Site "Internet Chess Club"]
[Date "2021.04.25"]
[Round "5"]
[White "DANIEL VON HOFF, CHRISTOPHER:K09-15127660"]
[Black "ARIA NEISHABOURI, JACKSON:K09-16811344"]
[Result "1-0"]
[ICCResult "Black checkmated"]
[WhiteElo "1529"]
[BlackElo "976"]
[Opening "Alekhine's defense: Scandinavian variation"]
[ECO "B02"]
[NIC "AL.10"]
[Time "11:02:46"]
[PlyCount "37"]
[TimeControl "1500+5"]

1. e4 Nf6 2. Nc3 d5 3. e5 Ng4 4. d4 c5 5. h3 cxd4 6. Qxd4 Nh6 7. Qxd5 Qxd5
8. Nxd5 Na6 9. Bxa6 Kd7 10. Bc4 e6 11. Nc3 Bc5 12. Bxh6 gxh6 13. O-O-O+ Kc6
14. Bb5+ Kb6 15. Nf3 a6 16. Ba4 Bxf2 17. Rd6+ Ka5 18. a3 b5 19. b4# { Black
checkmated } 1-0

[Event "ICC tourney 2533 (25 5)"]
[Site "Internet Chess Club"]
[Date "2021.04.25"]
[Round "5"]
[White "ELIAS FALL, KHADIM:K09-15886147"]
[Black "GERALD AVERY, JOHN:K09-16706744"]
[Result "0-1"]
[ICCResult "White checkmated"]
[WhiteElo "753"]
[BlackElo "1229"]
[Opening "two knights defense"]
[ECO "C58"]
[NIC "KP.01"]
[Time "11:03:37"]
[PlyCount "24"]
[TimeControl "1500+5"]

1. e4 e5 2. Nf3 Nc6 3. Bc4 Nf6 4. Ng5 d5 5. exd5 Na5 6. Bd3 h6 7. Nf3 e4 8.
Bxe4 Nxe4 9. Qe2 Qe7 10. Qb5+ Kd8 11. Qxa5 Ng3+ 12. Kd1 Qe2# { White
checkmated } 0-1

[Event "ICC tourney 2533 (25 5)"]
[Site "Internet Chess Club"]
[Date "2021.04.25"]
[Round "5"]
[White "REMPE, LENNIK:K09-15868931"]
[Black "GUPTA, RANVIR:K09-16547074"]
[Result "1-0"]
[ICCResult "Black resigns"]
[WhiteElo "1144"]
[BlackElo "166"]
[Opening "Four knights: double Ruy Lopez"]
[ECO "C49"]
[NIC "KP.03"]
[Time "11:02:46"]
[PlyCount "39"]
[TimeControl "1500+5"]

1. e4 e5 2. Nf3 Nc6 3. Nc3 Nf6 4. Bb5 Bb4 5. O-O O-O 6. d3 Re8 7. Bg5 h6 8.
Bh4 Bxc3 9. bxc3 a6 10. Ba4 b5 11. Bb3 Na5 12. Re1 Nxb3 13. cxb3 c6 14. d4
exd4 15. Nxd4 Nxe4 16. Bxd8 Rxd8 17. Rxe4 d5 18. Re7 g5 19. Qf3 Bb7 20.
Qxf7+ { Black resigns } 1-0

[Event "ICC tourney 2533 (25 5)"]
[Site "Internet Chess Club"]
[Date "2021.04.25"]
[Round "5"]
[White "PRASAD, ANKUR:K09-16588712"]
[Black "S SINGH ATWAL, TEJVEER:K09-17280520"]
[Result "1-0"]
[ICCResult "Black checkmated"]
[WhiteElo "704"]
[BlackElo "100"]
[Opening "Queen's pawn game, Chigorin variation"]
[ECO "D02"]
[NIC "QP.08"]
[Time "11:04:07"]
[PlyCount "33"]
[TimeControl "1500+5"]

1. d4 d5 2. Nf3 Nc6 3. Bf4 Nf6 4. e3 Bg4 5. Nbd2 Bxf3 6. Nxf3 e6 7. Bd3 Bd6
8. Bxd6 cxd6 9. c3 O-O 10. Qb3 Na5 11. Qc2 Rc8 12. h4 Nc4 13. b3 Nb6 14. h5
g6 15. hxg6 fxg6 16. Bxg6 hxg6 17. Qxg6# { Black checkmated } 1-0

[Event "ICC tourney 2533 (25 5)"]
[Site "Internet Chess Club"]
[Date "2021.04.25"]
[Round "5"]
[White "ALBERT STERN, MATTHEW:K09-16865142"]
[Black "ZIESLER, GAVIN:K09-16208172"]
[Result "0-1"]
[ICCResult "White checkmated"]
[WhiteElo "789"]
[BlackElo "364"]
[Opening "Queen's pawn, Mason variation"]
[ECO "D00"]
[NIC "QP.08"]
[Time "11:01:47"]
[PlyCount "78"]
[TimeControl "1500+5"]

1. d4 d5 2. Bf4 Nc6 3. e3 Nf6 4. Nf3 Bf5 5. Bb5 Bd7 6. Nc3 a6 7. Bd3 e6 8.
a3 Bd6 9. Bxd6 cxd6 10. h3 O-O 11. Qe2 h6 12. O-O Qb6 13. b4 e5 14. dxe5
dxe5 15. e4 d4 16. Nd5 Nxd5 17. exd5 Ne7 18. Qxe5 f6 19. Qe4 f5 20. Qe5 Ng6
21. Qe2 Rad8 22. Ne5 Nxe5 23. Qxe5 Bc8 24. Bxf5 Bxf5 25. Qxf5 Rxf5 26. Rae1
Rfxd5 27. Rd1 d3 28. cxd3 Rxd3 29. Rxd3 Rxd3 30. Re1 Rd2 31. Re8+ Kf7 32.
Re3 g5 33. Rf3+ Kg6 34. g3 Rd1+ 35. Kh2 Qc6 36. Kg2 h5 37. h4 g4 38. Kh2
Qxf3 39. b5 Qh1# { White checkmated } 0-1

[Event "ICC tourney 2533 (25 5)"]
[Site "Internet Chess Club"]
[Date "2021.04.25"]
[Round "5"]
[White "TANN, KEVIN:K09-16685678"]
[Black "SHEPARD, KENDALL:K09-16952755"]
[Result "1-0"]
[ICCResult "Black checkmated"]
[WhiteElo "142"]
[BlackElo "695"]
[Opening "QGD: Marshall defense"]
[ECO "D06"]
[NIC "QP.08"]
[Time "11:04:11"]
[PlyCount "33"]
[TimeControl "1500+5"]

1. d4 d5 2. c4 Nf6 3. Nc3 dxc4 4. e4 Nc6 5. Be3 Be6 6. Nf3 Nb4 7. a3 Nxe4
8. Nxe4 Nd3+ 9. Bxd3 cxd3 10. Qxd3 Qd7 11. Ne5 Qd5 12. O-O O-O-O 13. f4 g6
14. Rac1 f5 15. Qc3 Qa5 16. Qxa5 fxe4 17. Qxc7# { Black checkmated } 1-0

[Event "ICC tourney 2533 (25 5)"]
[Site "Internet Chess Club"]
[Date "2021.04.25"]
[Round "5"]
[White "DAVID, ADRIAN:K09-17191302"]
[Black "HERKER, JASON:K09-15806028"]
[Result "1-0"]
[ICCResult "Black resigns"]
[WhiteElo "738"]
[BlackElo "229"]
[Opening "two knights defense: Fegatello attack"]
[ECO "C57"]
[NIC "KP.01"]
[Time "11:03:05"]
[PlyCount "43"]
[TimeControl "1500+5"]

1. e4 e5 2. Nf3 Nc6 3. Bc4 Nf6 4. Ng5 d5 5. exd5 Nxd5 6. Nxf7 Kxf7 7. Qf3+
Qf6 8. Bxd5+ Be6 9. Bxe6+ Kxe6 10. Qxf6+ Kxf6 11. O-O Nd4 12. Nc3 Nxc2 13.
Rb1 Bc5 14. Ne4+ Kf5 15. Nxc5 b5 16. Nd3 e4 17. Nc5 Rhe8 18. Re1 Re5 19.
Rxe4 Rxc5 20. d3 Rd8 21. Rf4+ Kg5 22. Rf8+ { Black resigns } 1-0

[Event "ICC tourney 2533 (25 5)"]
[Site "Internet Chess Club"]
[Date "2021.04.25"]
[Round "5"]
[White "SATHISH, PRANAV:K09-16464655"]
[Black "SAMICH, MATTHEW:K09-15692130"]
[Result "1-0"]
[ICCResult "Black checkmated"]
[WhiteElo "1768"]
[BlackElo "1348"]
[Opening "English: Caro-Kann defensive system"]
[ECO "A11"]
[NIC "EO.64"]
[Time "11:01:21"]
[PlyCount "75"]
[TimeControl "1500+5"]

1. c4 c6 2. Nf3 d5 3. e3 Nf6 4. Nc3 Bg4 5. cxd5 cxd5 6. Qb3 Bc8 7. Bb5+ Nc6
8. Ne5 Qd6 9. d4 e6 10. Qa4 Bd7 11. Nxd7 Nxd7 12. Bd2 Be7 13. O-O O-O 14.
Rfd1 a6 15. Bxc6 bxc6 16. e4 c5 17. exd5 exd5 18. Bf4 Qxf4 19. Qxd7 cxd4
20. Nxd5 Qd6 21. Nxe7+ Qxe7 22. Qxe7 Rfe8 23. Qb4 h6 24. Qxd4 Re7 25. Re1
Rb7 26. Qd5 Rab8 27. b3 Rc7 28. Qd6 Rbc8 29. Re8+ Rxe8 30. Qxc7 f6 31. h3
Re2 32. Qc4+ Kh7 33. Qxe2 a5 34. Qe4+ f5 35. Qxf5+ Kh8 36. Rd1 g6 37. Qf7
h5 38. Rd8# { Black checkmated } 1-0

[Event "ICC tourney 2533 (25 5)"]
[Site "Internet Chess Club"]
[Date "2021.04.25"]
[Round "5"]
[White "ROSE SAFRANEK, VEDA:K09-14975007"]
[Black "ANTONY VETTICAL, DYLAN:K09-16099143"]
[Result "1-0"]
[ICCResult "Black checkmated"]
[WhiteElo "1681"]
[BlackElo "1029"]
[Opening "Scandinavian: Marshall variation"]
[ECO "B01"]
[NIC "SD.03"]
[Time "11:03:48"]
[PlyCount "33"]
[TimeControl "1500+5"]

1. e4 d5 2. exd5 Nf6 3. d4 Nxd5 4. Nf3 Nc6 5. Bb5 Bd7 6. c4 Nf6 7. O-O e6
8. Re1 Bd6 9. d5 Na5 10. dxe6 fxe6 11. Rxe6+ Kf7 12. Bxd7 Qxd7 13. Ng5+ Kg6
14. Qd3+ Kh6 15. Nf7+ Kh5 16. Qf5+ Kh4 17. Qg5# { Black checkmated } 1-0

[Event "ICC tourney 2533 (25 5)"]
[Site "Internet Chess Club"]
[Date "2021.04.25"]
[Round "5"]
[White "ACHATA, CAMERON:K09-16677725"]
[Black "SUN, YICHEN:K09-30153816"]
[Result "0-1"]
[ICCResult "White checkmated"]
[WhiteElo "536"]
[BlackElo "1190"]
[Opening "QGD Slav: 4.Nc3"]
[ECO "D15"]
[NIC "SL.03"]
[Time "11:03:01"]
[PlyCount "64"]
[TimeControl "1500+5"]

1. d4 d5 2. c4 c6 3. Nc3 Nf6 4. Nf3 Bf5 5. e3 e6 6. Bd3 Ne4 7. O-O Bd6 8.
c5 Bc7 9. Bxe4 dxe4 10. Ne5 f6 11. Ng4 h5 12. f3 hxg4 13. fxg4 Bg6 14. Qb3
Kf7 15. Rd1 f5 16. d5 Qh4 17. dxe6+ Ke7 18. Rd7+ Nxd7 19. exd7 Kxd7 20.
gxf5 Qxh2+ 21. Kf2 Bg3+ 22. Ke2 Qxg2+ 23. Kd1 Bh5+ 24. Ne2 Bxe2+ 25. Kc2
Bc4+ 26. Kb1 Bxb3 27. axb3 Rh1 28. Ka2 Qc2 29. Ka3 Rxc1 30. Rxc1 Qxc1 31.
f6 a5 32. fxg7 Qa1# { White checkmated } 0-1

[Event "ICC tourney 2533 (25 5)"]
[Site "Internet Chess Club"]
[Date "2021.04.25"]
[Round "5"]
[White "REVES, YIANNI:K09-16805341"]
[Black "E DUROST, BENJAMIN:K09-17214574"]
[Result "0-1"]
[ICCResult "White resigns"]
[WhiteElo "1184"]
[BlackElo "444"]
[Opening "Evans gambit"]
[ECO "C52"]
[NIC "IG.05"]
[Time "11:00:22"]
[PlyCount "102"]
[TimeControl "1500+5"]

1. e4 e5 2. Nf3 Nc6 3. Bc4 Bc5 4. b4 Bxb4 5. c3 Ba5 6. O-O Nge7 7. d4 d6 8.
Qb3 O-O 9. Ng5 Qe8 10. Na3 Bb6 11. d5 Na5 12. Qb5 Nxc4 13. Qxc4 h6 14. Nf3
a6 15. Qe2 Bg4 16. h3 Bh5 17. g4 Bg6 18. Be3 Bxe4 19. Bxb6 Bxf3 20. Qxf3
cxb6 21. Qe3 Nxd5 22. Qf3 Nf4 23. Kh2 Qc6 24. Qg3 Rac8 25. Rac1 Ne2 26. Qe3
Nxc1 27. Qxc1 Qxc3 28. Qxc3 Rxc3 29. Nb1 Rc2 30. Rd1 Rxf2+ 31. Kg3 Rf6 32.
Nc3 Re6 33. Nd5 b5 34. Nb6 Rd8 35. Nd5 e4 36. Kf2 g6 37. Ke3 f5 38. gxf5
gxf5 39. Rf1 Re5 40. Nf6+ Kf7 41. Nh5 d5 42. Ng3 Ke6 43. Kd4 Rc8 44. Ke3
Rc3+ 45. Kf4 e3 46. Re1 d4 47. Ne2 Re4+ 48. Kf3 Rc2 49. Nf4+ Kd6 50. Nd3
Rd2 51. Nb4 a5 { White resigns } 0-1

[Event "ICC tourney 2533 (25 5)"]
[Site "Internet Chess Club"]
[Date "2021.04.25"]
[Round "5"]
[White "SUDARSHAN IYENGAR, VARSHA:K09-15871248"]
[Black "JEYANANDARAJAN, ROHAN:K09-15310288"]
[Result "1-0"]
[ICCResult "Black resigns"]
[WhiteElo "917"]
[BlackElo "434"]
[Opening "Sicilian: accelerated fianchetto, modern variation"]
[ECO "B34"]
[NIC "SI.44"]
[Time "11:01:26"]
[PlyCount "29"]
[TimeControl "1500+5"]

1. e4 c5 2. Nc3 Nc6 3. Nf3 g6 4. d4 cxd4 5. Nxd4 Bg7 6. Nxc6 bxc6 7. Bd3 d5
8. exd5 cxd5 9. Bb5+ Kf8 10. Bc6 Rb8 11. Bxd5 e6 12. Bb3 Qxd1+ 13. Nxd1 Ba6
14. Bd2 Bxb2 15. Nxb2 { Black resigns } 1-0

[Event "ICC tourney 2533 (25 5)"]
[Site "Internet Chess Club"]
[Date "2021.04.25"]
[Round "5"]
[White "RUBINSTEIN MASH, ALEXANDER:K09-15052095"]
[Black "CHOPRA, NIKITA:K09-30161249"]
[Result "1-0"]
[ICCResult "Black checkmated"]
[WhiteElo "1674"]
[BlackElo "1015"]
[Opening "Vienna game"]
[ECO "C25"]
[NIC "VG.04"]
[Time "11:02:07"]
[PlyCount "55"]
[TimeControl "1500+5"]

1. e4 e5 2. Nc3 f5 3. exf5 d5 4. Qh5+ Ke7 5. Qe2 Nc6 6. Nf3 Qd6 7. Nb5 Qf6
8. Nxc7 Rb8 9. Nxd5+ Kf7 10. Nxf6 gxf6 11. Qc4+ Ke8 12. d4 b5 13. Qxc6+ Bd7
14. Qe4 Bd6 15. dxe5 fxe5 16. Nxe5 Ne7 17. Nxd7 Kxd7 18. Qe6+ Kc6 19. Bf4
Rbd8 20. O-O-O Nxf5 21. Qd5+ Kb6 22. Qxb5+ Kc7 23. Qc5+ Kb7 24. Bxd6 Nxd6
25. Rxd6 Rc8 26. Ba6+ Ka8 27. Qd5+ Kb8 28. Qb7# { Black checkmated } 1-0

[Event "ICC tourney 2533 (25 5)"]
[Site "Internet Chess Club"]
[Date "2021.04.25"]
[Round "5"]
[White "BOWER, TEDDY:K09-16898513"]
[Black "DONOFRIO, LUKE:K09-15346692"]
[Result "0-1"]
[ICCResult "White checkmated"]
[WhiteElo "849"]
[BlackElo "1451"]
[Opening "Four knights: Spanish, classical defense"]
[ECO "C48"]
[NIC "KP.03"]
[Time "11:00:17"]
[PlyCount "54"]
[TimeControl "1500+5"]

1. e4 e5 2. Nf3 Nc6 3. Bb5 Nf6 4. Nc3 Bc5 5. O-O O-O 6. Bxc6 dxc6 7. Nxe5
Re8 8. Nf3 Nxe4 9. Nxe4 Rxe4 10. d3 Re8 11. Bf4 Bg4 12. h3 Bh5 13. g4 Bg6
14. Bg3 Qd5 15. Nh4 Bd6 16. Nxg6 Bxg3 17. c4 Qd6 18. fxg3 Qxg3+ 19. Kh1
Qxh3+ 20. Kg1 hxg6 21. Rf2 Re3 22. Qd2 Rxd3 23. Qc2 Qxg4+ 24. Rg2 Qd4+ 25.
Kh2 g5 26. Rf1 Rh3+ 27. Kxh3 Qh4# { White checkmated } 0-1

[Event "ICC tourney 2533 (25 5)"]
[Site "Internet Chess Club"]
[Date "2021.04.25"]
[Round "5"]
[White "O NICHOLAS, CLARK:K09-14687296"]
[Black "YEE, AUSTEN:K09-16394945"]
[Result "0-1"]
[ICCResult "White checkmated"]
[WhiteElo "224"]
[BlackElo "804"]
[Opening "Queen's pawn game"]
[ECO "A45"]
[NIC "QP.07"]
[Time "11:03:01"]
[PlyCount "68"]
[TimeControl "1500+5"]

1. d4 Nf6 2. e3 d6 3. c4 g6 4. Nc3 Bg7 5. Nf3 O-O 6. e4 Re8 7. Bg5 Nbd7 8.
e5 dxe5 9. dxe5 Nh5 10. g4 Nhf6 11. exf6 exf6+ 12. Be3 Nb6 13. Qxd8 Rxd8
14. c5 Nd7 15. Bc4 Ne5 16. Nxe5 fxe5 17. O-O Bxg4 18. Rfe1 h6 19. Ne4 Kf8
20. Rad1 f5 21. Nc3 Bxd1 22. Rxd1 Rxd1+ 23. Nxd1 f4 24. Bd2 Rd8 25. Nc3
Rxd2 26. Bd5 c6 27. b4 cxd5 28. b5 e4 29. b6 Bxc3 30. bxa7 Rxa2 31. a8=Q+
Rxa8 32. h3 f3 33. h4 Be5 34. Kf1 Ra1# { White checkmated } 0-1

[Event "ICC tourney 2533 (25 5)"]
[Site "Internet Chess Club"]
[Date "2021.04.25"]
[Round "5"]
[White "BERGSTEDT, SAWYER:K09-16355805"]
[Black "ASTHANA, AMAN:K09-15042721"]
[Result "1-0"]
[ICCResult "Black checkmated"]
[WhiteElo "440"]
[BlackElo "947"]
[Opening "Sicilian defense"]
[ECO "B20"]
[NIC "SI.48"]
[Time "11:01:06"]
[PlyCount "51"]
[TimeControl "1500+5"]

1. e4 c5 2. Bc4 Nc6 3. Nf3 g6 4. Nc3 Bg7 5. d3 Nf6 6. Bf4 d6 7. h3 O-O 8.
a3 a6 9. Qd2 b5 10. Bd5 Nxd5 11. exd5 Ne5 12. O-O-O e6 13. Bh6 exd5 14.
Nxd5 Bxh6 15. Qxh6 Be6 16. Ng5 Qxg5+ 17. Qxg5 Bxd5 18. f4 f6 19. Qg3 Nd7
20. f5 Bf7 21. fxg6 hxg6 22. Qxd6 Rfd8 23. g4 f5 24. gxf5 gxf5 25. Rdg1+
Kh8 26. Qh6# { Black checkmated } 1-0

[Event "ICC tourney 2533 (25 5)"]
[Site "Internet Chess Club"]
[Date "2021.04.25"]
[Round "5"]
[White "AWAD, RANIA:K09-16554882"]
[Black "HANKE, HARVEY:K09-17137475"]
[Result "1-0"]
[ICCResult "Black checkmated"]
[WhiteElo "1442"]
[BlackElo "752"]
[Opening "Queen's pawn: London system"]
[ECO "A45"]
[NIC "QP.07"]
[Time "11:02:29"]
[PlyCount "87"]
[TimeControl "1500+5"]

1. d4 Nf6 2. Bf4 g6 3. Nc3 Bg7 4. e4 d5 5. e5 Ng8 6. Qd2 Bf5 7. O-O-O Nc6
8. f3 e6 9. g4 Bxc2 10. Kxc2 b5 11. Bxb5 Qd7 12. h4 a6 13. Ba4 Rb8 14. b3
Nge7 15. h5 Qc8 16. Bh6 Bxh6 17. Qxh6 Qb7 18. hxg6 fxg6 19. Qg7 Kd7 20.
Rxh7 Rxh7 21. Qxh7 Qb6 22. Nge2 Kc8 23. Bxc6 Nxc6 24. Qxg6 Nb4+ 25. Kd2 Kb7
26. a3 Nc6 27. Qxe6 Qxb3 28. Rb1 Qxb1 29. Nxb1 Ka7 30. Qxc6 Rxb1 31. Qxc7+
Rb7 32. Qc5+ Ka8 33. Qxd5 Kb8 34. e6 Ka7 35. Qxb7+ Kxb7 36. e7 Kc7 37. e8=Q
Kd6 38. g5 Kd5 39. g6 Kd6 40. g7 Kd5 41. g8=Q+ Kd6 42. Qge6+ Kc7 43. Q8d7+
Kb8 44. Qee8# { Black checkmated } 1-0